 Dungeon Crawl Stone Soup version 0.31-a0-188-g5e087ee2ca (webtiles) character file.

Game seed: 4937777160632270660

116 kae the Insei (level 5, 0/28 (34) HPs)
             Began as an Octopode Transmuter on June 23, 2023.
             Slain by an orc wizard
             ... wielding a +2 dagger of draining
              (4 damage)
             ... on level 3 of the Dungeon.
             The game lasted 00:01:34 (1507 turns).

kae the Insei (Octopode Transmuter)                 Turns: 1507, Time: 00:01:35

HP:   0/28 (34)     AC:  1    Str: 10    XL:     5   Next: 1%
MP:   2/8           EV: 14    Int: 17    God:
Gold: 42            SH:  0    Dex: 18    Spells: 2/8 levels left

rFire   . .          .
                       - Unarmed
rCold   . . .        (no shield)
rNeg    . . .        (helmet restricted)
rPois   .            (no amulet)
rElec   .            D - +6 ring of dexterity
rCorr   .            (no ring)
SInv    .            (no ring)
Will    .....        (no ring)
Stlth   ++           (no ring)
HPRegen 0.24/turn    (no ring)
MPRegen 0.11/turn    (no ring)
                     (no ring)

%: no passive effects
@: confused, wereblooded, heavily drained
A: almost no armour, amphibious, 8 rings, camouflage 1, gelatinous body 1,
(nimble swimmer 1), tentacles
a: no special abilities


You were on level 3 of the Dungeon.
You visited 1 branch of the dungeon, and saw 3 of its levels.

You collected 42 gold pieces.


Innate Abilities, Weirdness & Mutations

You cannot wear most types of armour.
You are amphibious.
You can wear up to eight rings at the same time.
Your skin changes colour to match your surroundings (Stealth+).
Your rubbery body absorbs attacks. (AC +1, EV +1)
((You are camouflaged when in or above water. (Stealth+)))
You have tentacles for arms and can constrict up to eight enemies at once.


   Skills:
 + Level 1.8 Fighting
 + Level 2.6 Dodging
 * Level 3.6 Unarmed Combat
 + Level 2.4 Spellcasting
 * Level 2.9 Transmutations
 * Level 1.8 Poison Magic


You had 2 spell levels left.
You knew the following spells:

 Your Spells              Type           Power      Damage    Failure   Level
a - Beastly Appendage     Tmut           24%        N/A       5%          1
b - Wereblood             Tmut           12%        N/A       9%          2
c - Spider Form           Tmut/Pois      10%        N/A       22%         3

Your spell library contained the following spells:

 Spells                   Type           Power      Damage    Failure   Level
 Lesser Beckoning         Tloc           4%         N/A       28%         2
 Gell's Gravitas          Tloc           2%         N/A       50%         3
 Teleport Other           Tloc           2%         N/A       50%         3
 Ice Form                 Ice/Tmut       7%         N/A       71%         4

Inventory:

Missiles
 b - 33 stones
Jewellery
 D - a +6 ring of dexterity (left tentacle)
   (You found it on level 2 of the Dungeon)
Scrolls
 f - a scroll of torment {unknown}
Potions
 a - a potion of lignification {!q}
 c - a potion of curing {@q1}
 d - a potion of ambrosia {unknown}
 e - a potion of degeneration {unknown}
 g - 2 potions of cancellation

Dungeon Overview and Level Annotations

Branches:
Dungeon (3/15) Zot: 16500

Altars:
Ashenzari

..# #.#
#)# #.#
#.# #.#
#)# #@#
#.# #)#
#.#
#######.#
#<......#
#########


There were no monsters in sight!


Message History

Your magical contamination has completely faded away. 😎 MP[+1]
You start resting. 😎 MP[+2]
Your mp is fully restored (7).
Casting: Spider Form (quite dangerous; 24% risk of failure)
Confirm with . or Enter, or press ? or * to list all spells.
The spell is quite dangerous to miscast (24% risk of failure)!
Continue anyway? [Y]es or [N]o only, please.
The spell is quite dangerous to miscast (24% risk of failure)!
Continue anyway?
You turn into a venomous arachnid creature. 😎 MP[-3]
You lost 3 mp, and now have 4/7 mp.
Casting: Spider Form (extremely dangerous; 45% risk of failure)
Confirm with . or Enter, or press ? or * to list all spells.
You miscast Wereblood.
You are very lightly contaminated with residual magic.
Nothing appears to happen. 😎 MP[-2]
You lost 2 mp, and now have 2/7 mp.
Casting: Wereblood (safe; 22% risk of failure)
Confirm with . or Enter, or press ? or * to list all spells.
Your blood is infused with primal strength. 😎 MP[-2]
You lost 2 mp, and now have 0/7 mp.
Unknown command.
Your transformation is almost over.
The orc shouts!
An orc wizard comes into view. It is wielding a +2 dagger of draining.
The orc completely misses you.
The orc priest shouts!
The orc wizard shouts!
You bite the orc!
You kill the orc!
The orc wizard gestures wildly while chanting.
The orc wizard flickers and vanishes!
Deactivating autopickup; reactivate with Ctrl-A.
Your magical contamination has completely faded away.
Things that are here:
a +0 hand axe; a +0 leather armour; an orc corpse You hit the orc.
The orc is poisoned.
The orc misses you. 😎 MP[+1]
You hit the orc.
You kill the orc!
The orc priest invokes the aid of Beogh against you.
Pain shoots through your body!
You are too injured to fight recklessly!
You are too injured to fight recklessly! 😮 HP[-10]
You take 10 damage, and now have 19/29 hp.
MASSIVE DAMAGE!! (PAUSE)
The orc priest misses you.
Things that are here:
a +0 club; an orc corpse Unknown command.
You hit the orc priest but do no damage.
The orc priest is poisoned.
The orc priest misses you. 😮 HP[+1]
You bite the orc priest!
The orc priest looks as sick as possible!
You feel a bit better.
You kill the orc priest!
You have reached level 5!
You feel stronger. 😕 HP[+7]
You now have 34 max hp (+5).
You regained 7 hp, and now have 27/34 hp.
You barely miss something.
Your transformation has ended.
Something hits you.
You feel drained. 😮 HP[-3]
You now have 33 max hp (-1).
You take 3 damage, and now have 24/33 hp.
You barely miss something. Something hits you.
You feel drained. 😮 HP[-5]
You now have 31 max hp (-2).
You take 5 damage, and now have 19/31 hp.
You miss something. Your squeeze misses something.
You howl as the wereblood boils in your veins!
Something hits you.
* * * LOW HITPOINT WARNING * * *
You feel drained.
* * * LOW HITPOINT WARNING * * *
You miss something.
You hear some strange, mumbled words.
You are confused. 😨 HP[-6] MP[+1]
You now have 30 max hp (-1).
You take 6 damage, and now have 13/30 hp.
You bump into the rock wall.
Something hits you.
* * * LOW HITPOINT WARNING * * *
You feel drained.
* * * LOW HITPOINT WARNING * * *
😱 HP[-9]
You now have 28 max hp (-2).
You take 9 damage, and now have 4/28 hp.
MASSIVE DAMAGE!! (PAUSE)
You miss something. Something hits you.
You die...

Skill      XL: |  1  2  3 |
---------------+----------+-----
Poison Magic   | 1 |  1.8
Fighting       | |  1.8
Dodging        | |  2.6
Unarmed Combat | |  3.6
Spellcasting   | |  2.4
Transmutations | |  2.9

Action                     |  1- 3 |  4- 6 || total
---------------------------+-------+-------++-------
  Melee: Unarmed           |    72 |    35 ||   107
         Kick              |    22 |     6 ||    28
         Constrict         |    22 |     5 ||    27
         Tentacles         |    13 |     1 ||    14
         Punch             |     4 |     2 ||     6
   Cast: Beastly Appendage |    20 |     5 ||    25
         Spider Form       |       |     1 ||     1
         Wereblood         |       |     1 ||     1
    Use: Scroll            |       |     5 ||     5
   Stab: Sleeping          |     3 |       ||     3
 Armour: Skin              |     8 |     1 ||     9
  Dodge: Dodged            |    46 |    17 ||    63

Levels and vault maps discovered:
D:1:      beargit_arrival_greenhouse, layout_basic, serial_forest,
          infiniplex_forest_lined_2, infiniplex_forest_lined_ring,
          infiniplex_forest_end_double, infiniplex_forest_lined_3
D:2:      layout_rooms, basic_altar, basic_ecumenical_altar, nicolae_the_louvre
D:3:      layout_basic, mainiacjoe_overflow_tiny_flanked

Notes
Turn   | Place    | Note
-------+----------+-------------------------------------------
     0 | D:1      | kae the Octopode Transmuter began the quest for the Orb.
     0 | D:1      | Reached XP level 1. HP: 13/13 MP: 3/3
     0 | D:1      | magus.rc [v1.11.3]
   124 | D:1      | Reached XP level 2. HP: 12/18 MP: 3/5
   297 | D:1      | You pick up a book of Changes and begin reading...
   384 | D:1      | Reached XP level 3. HP: 23/23 MP: 6/6
   387 | D:1      | Learned a level 2 spell: Wereblood
   391 | D:1      | Learned a level 3 spell: Spider Form
   751 | D:2      | Found a broken altar of Ashenzari.
   789 | D:2      | Found a faded altar of an unknown god.
   832 | D:2      | Reached skill level 1 in Poison Magic
   844 | D:2      | You pick up a book of Displacement and begin reading...
   844 | D:2      | You add the spells Lesser Beckoning, Gell's Gravitas and
                  | Teleport Other to your library.
   948 | D:2      | Reached XP level 4. HP: 28/28 MP: 5/7
  1502 | D:3      | Reached XP level 5. HP: 27/34 MP: 1/8
  1506 | D:3      | HP: 7/30 [something (6)]
  1507 | D:3      | Slain by an orc wizard

Vanquished Creatures
  An orc priest (D:3)
  4 adders (D:2)
  A dart slug (D:1)
  3 orcs
  2 endoplasms (D:1)
  5 giant cockroaches
  3 hobgoblins
  2 jackals (D:2)
  4 ball pythons
  3 bats (D:1)
  4 frilled lizards
  3 goblins
  6 kobolds
  6 rats
47 creatures vanquished.

Table legend:
 A = Non-vault XP
 B = Vault XP
 C = Vault XP percentage of total XP
 D = Non-vault monster count
 E = Vault monster count
 F = Vault count percentage of total count
                 A         B        C        D         E       F
            +---------+---------+-------+---------+---------+-------
      Total |     167 |       0 |   0.0 |      47 |       0 |   0.0
            +---------+---------+-------+---------+---------+-------
        D:1 |      40 |       0 |   0.0 |      25 |       0 |   0.0
        D:2 |      78 |       0 |   0.0 |      19 |       0 |   0.0
        D:3 |      49 |       0 |   0.0 |       3 |       0 |   0.0
            +---------+---------+-------+---------+---------+-------

Skill      XL: |  1  2  3 |
---------------+----------+-----
Poison Magic   | 1 |  1.8
Fighting       | |  1.8
Dodging        | |  2.6
Unarmed Combat | |  3.6
Spellcasting   | |  2.4
Transmutations | |  2.9

Action                     |  1- 3 |  4- 6 || total
---------------------------+-------+-------++-------
  Melee: Unarmed           |    72 |    35 ||   107
         Kick              |    22 |     6 ||    28
         Constrict         |    22 |     5 ||    27
         Tentacles         |    13 |     1 ||    14
         Punch             |     4 |     2 ||     6
   Cast: Beastly Appendage |    20 |     5 ||    25
         Spider Form       |       |     1 ||     1
         Wereblood         |       |     1 ||     1
    Use: Scroll            |       |     5 ||     5
   Stab: Sleeping          |     3 |       ||     3
 Armour: Skin              |     8 |     1 ||     9
  Dodge: Dodged            |    46 |    17 ||    63

Illustrated notes

Table legend:
 A = Kills in this place as a percentage of kills in the entire game.
 B = Kills by you in this place as a percentage of kills by you in the entire game.
 C = Kills by friends in this place as a percentage of kills by friends in the entire game.
 D = Other kills in this place as a percentage of other kills in the entire game.
 E = Experience gained in this place as a percentage of experience gained in the entire game.
 F = Experience gained in this place divided by the number of levels of this place that you have seen.
                   A       B       C       D       E      F
               +-------+-------+-------+-------+-------+----------------------
         Total | 100.0 | 100.0 |   N/A |   N/A | 100.0 |  55.7
       Dungeon | 100.0 | 100.0 |   N/A |   N/A | 100.0 |  55.7
               +-------+-------+-------+-------+-------+----------------------

Table legend: (Time is in decaauts)
 A = Elapsed time spent in this place.
 B = Non-inter-level travel time spent in this place.
 C = Inter-level travel time spent in this place.
 D = Time resting spent in this place.
 E = Time spent auto-exploring this place.
 F = Levels seen in this place.
 G = Mean time per level.
                   A        B        C        D        E       F      G
               +--------+--------+--------+--------+--------+-----+--------+
         Total |   1499 |   1481 |     18 |     29 |   1109 |   3 |  499.7 |
       Dungeon |   1499 |   1481 |     18 |     29 |   1109 |   3 |  499.7 |
               +--------+--------+--------+--------+--------+-----+--------+

Top non-repeatable levels by time:
     D:1: 747 daAuts
     D:2: 692 daAuts
     D:3: 58 daAuts
